 Dungeon Crawl Stone Soup version 0.14-a0-1663-g0b35444 (webtiles) character file.

286 M4edhros the Charlatan (level 6, 0/38 HPs)
             Began as an Octopode Artificer on Dec 28, 2013.
             Succumbed to Duvessa's poison
             ... on Level 4 of the Dungeon.
             The game lasted 00:05:01 (1558 turns).

M4edhros the Charlatan (Octopode Artificer)         Turns: 1558, Time: 00:05:01

HP   0/38        AC  1     Str 10      XL: 6   Next:  7%
MP  13/13        EV 12     Int 17      God:
Gold 48          SH  0     Dex 12      Spells:  0 memorised,  5 levels left

rFire  . . .     SeeInvis .     h - +0 great sword
rCold  . . .     Clarity  .     (no shield)
rNeg   . . .     Conserve .     (helmet restricted)
rPois  .         rCorr    .     j - amulet of rage
rElec  .         rRot     .     (no ring)
SustAb . .       Spirit   .     (no ring)
rMut   .         Warding  .     (no ring)
Saprov . . .     Stasis   .     (no ring)
                                (no ring)
                                (no ring)
                                (no ring)
                                (no ring)

@: exhausted, quite poisoned, slowed, very slow, slightly resistant to hostile
enchantments, stealthy
A: almost no armour, amphibious, 8 rings, constrict 8, camouflage 1, gelatinous
body 1
a: Evoke Berserk Rage


You were on level 4 of the Dungeon.
You were not hungry.

You visited 1 branch of the dungeon, and saw 4 of its levels.

You collected 48 gold pieces.

Inventory:

Hand weapons
 a - a +0,+0 short sword
 h - a +0,+0 great sword (weapon)
 n - a +1,+1 elven cutlass of venom
 p - a +0,+0 falchion of holy wrath
Missiles
 l - 4 javelins (quivered)
Magical devices
 b - a wand of flame (15)
 c - a wand of enslavement (11)
 d - a wand of random effects (9)
Comestibles
 f - 2 bread rations
 g - a pear
 r - a meat ration
Scrolls
 e - a scroll of recharging
 i - a scroll of identify
 k - 2 scrolls of curse weapon
 m - a scroll of noise
 q - a scroll of magic mapping
Jewellery
 j - an amulet of rage (around mantle)


   Skills:
 - Level 1.0 Fighting
 - Level 1.0 Short Blades
 - Level 2.0 Dodging
 - Level 1.3 Stealth
 + Level 7.7 Evocations


You had 5 spell levels left.
You didn't know any spells.

Dungeon Overview and Level Annotations

Branches:
Dungeon (4/16)
 Temple: D:4-7

Altars:
Nemelex Xobeh


Innate Abilities, Weirdness & Mutations

You cannot wear most types of armour.
You are amphibious.
You can wear up to eight rings at the same time.
You can use your tentacles to constrict many enemies at once.
Your skin changes colour to match your surroundings (Stlth).
Your rubbery body absorbs attacks (AC +1).


Message History

* * * LOW HITPOINT WARNING * * *
You feel sick.
* * * LOW HITPOINT WARNING * * *
You feel sick.
* * * LOW HITPOINT WARNING * * *
You feel sick.
* * * LOW HITPOINT WARNING * * *
You feel sick.
* * * LOW HITPOINT WARNING * * *
You feel sick.
* * * LOW HITPOINT WARNING * * *
You feel sick.
* * * LOW HITPOINT WARNING * * *
You feel sick.
* * * LOW HITPOINT WARNING * * *
You feel sick.
You feel a little better.
* * * LOW HITPOINT WARNING * * *
You feel sick.
You die...

..####...#.......*****,,,,,8*
#...............,,,,,,,,,,,,*
#...........#,,,**,,,***,,,,*
#...........#,,,**,,,* *,,,,*
...####.[.#.#,,,**,<,* ******
...# #.<.#.#*#####*** ####
######.# #...#
#...##.###...###
######..........@...#
....................#
#...####........##### #...#
####.....# ##### #.....#
##...## #####


There were no monsters in sight!

Vanquished Creatures
  Duvessa (D:4)
  Dowan (D:4)
  Jessica (D:3)
  3 adders (D:3)
  A giant gecko (D:3)
  An orc (D:3)
  4 hobgoblins
  A quokka (D:3)
  3 bats
  A giant cockroach (D:3)
  3 giant newts (D:1)
  A goblin (D:2)
  4 kobolds
  5 rats
30 creatures vanquished.

Vanquished Creatures (collateral kills)
  A worker ant (D:4)
  4 gnolls (D:4)
  A rat (D:4)
6 creatures vanquished.

Grand Total: 36 creatures vanquished

Notes
Turn   | Place    | Note
--------------------------------------------------------------
     0 | D:1      | M4edhros, the Octopode Artificer, began the quest for the Orb.
     0 | D:1      | Reached XP level 1. HP: 13/13 MP: 1/1
   267 | D:1      | Reached skill level 4 in Evocations
   267 | D:1      | Reached XP level 2. HP: 18/18 MP: 3/3
   630 | D:3      | Reached XP level 3. HP: 23/23 MP: 5/5
   802 | D:3      | Reached skill level 5 in Evocations
   835 | D:3      | HP: 1/23 [poisoned by an adder]
  1068 | D:3      | Noticed Jessica
  1077 | D:3      | Killed Jessica
  1077 | D:3      | Reached XP level 4. HP: 17/28 MP: 7/7
  1262 | D:4      | Found a sparkling altar of Nemelex Xobeh.
  1316 | D:4      | Noticed Dowan
  1324 | D:4      | Noticed Duvessa
  1336 | D:4      | Reached skill level 6 in Evocations
  1365 | D:4      | Killed Dowan
  1377 | D:4      | Reached XP level 5. HP: 15/33 MP: 10/10
  1539 | D:4      | Killed Duvessa
  1539 | D:4      | Reached skill level 7 in Evocations
  1539 | D:4      | Reached XP level 6. HP: 26/38 MP: 11/13
  1557 | D:4      | HP: 1/38 [poisoned by Duvessa]
  1558 | D:4      | Succumbed to Duvessa's poison

Action                   |  1- 3 |  4- 6 || total
-------------------------+-------+-------++-------
Melee: Short sword       |    34 |       ||    34
       Falchion          |    25 |     4 ||    29
       Great sword       |       |     9 ||     9
 Abil: Evoke Berserk Rag |       |     1 ||     1
Evoke: Wand              |     1 |     9 ||    10
  Use: Potion            |     2 |       ||     2
       Scroll            |       |     6 ||     6
 Stab: Sleeping          |     5 |       ||     5
